 Dungeon Crawl Stone Soup version 0.29-a0-233-g1125b37a9b (webtiles) character file.

Game seed: 15913286665163810051

102 bande the Skirmisher (level 4, 29/29 HPs)
             Began as a Gargoyle Fighter on Mar 2, 2022.
             Quit the game on level 4 of the Dungeon.
             The game lasted 00:04:54 (2935 turns).

bande the Skirmisher (Gargoyle Fighter)             Turns: 2935, Time: 00:04:54

Health: 29/29      AC: 10    Str: 25    XL:     4   Next: 77%
Magic:  4/4        EV:  9    Int: 11    God:
Gold:   145        SH:  4    Dex: 11    Spells: 3/3 levels left

rFire   + . .      SeeInvis .   a - +1 war axe
rCold   + . .      Faith    .   c - +0 buckler
rNeg    + . .      Spirit   .   b - +0 scale mail
rPois   ∞          Reflect  .   (no helmet)
rElec   +          Harm     .   f - scarf {rC+ rF+}
rCorr   .          Rampage  .   (no gloves)
Will    .....      Rage     1%  (no boots)
Stlth   ..........              (no amulet)
HPRegen 0.09/turn               g - +6 ring of strength
MPRegen 0.09/turn               (no ring)

@: weak-willed
A: sickness immunity, AC +3, negative energy resistance 1, electricity
resistance, torment resistance 1, petrification resistance, berserk 1, clever 1,
no potion heal 1
a: no special abilities


You were on level 4 of the Dungeon.
You visited 1 branch of the dungeon, and saw 4 of its levels.

You collected 145 gold pieces.

Inventory:

Hand Weapons
 a - a +1 war axe (weapon)
 e - a +0 flail
 m - the +9 hunting sling of Bankruptcy {flame, rElec Int+4}
   (You found it on level 3 of the Dungeon)

   Any ammunition fired from it burns those it strikes, dealing additional fire
   damage.
   Int:       It affects your intelligence (+4).
   rElec:     It insulates you from electricity.
Armour
 b - a +0 scale mail (worn)
 c - a +0 buckler (worn)
 f - a scarf of resistance (worn)
Jewellery
 g - a +6 ring of strength (left hand)
 j - a ring of wizardry
Scrolls
 h - 2 scrolls of teleportation
Potions
 d - a potion of might
 i - a potion of berserk rage
 l - a potion of lignification {unknown}
 n - a potion of flight {unknown}
 o - a potion of curing {unknown}
 p - a potion of brilliance {unknown}


   Skills:
 + Level 3.9 Fighting
 + Level 3.2 Axes
 + Level 3.8 Armour
 + Level 3.8 Shields


You had 3 spell levels left.
You didn't know any spells.
Your spell library contained the following spells:

 Spells                   Type           Power      Damage    Failure   Level
 Confusing Touch          Hex            0%         N/A       97%         3
 Yara's Violent Unravell  Hex/Tmut       0%         3d3       100%        5
 Enfeeble                 Hex            0%         N/A       100%        7


Dungeon Overview and Level Annotations

Branches:
Dungeon (4/15)
 Temple: D:4-7

Altars:

Shops:
D:2 *


Innate Abilities, Weirdness & Mutations

You are immune to sickness and miasma.
Your stone body is resilient. (AC +3)
You are immune to poison.
You resist negative energy. (rN+)
You are resistant to electric shocks. (rElec)
You are resistant to unholy torment.
You are immune to petrification.
You tend to lose your temper in combat.
Your mind is acute. (Int +2)
Potions are less effective at restoring your health.


Message History

You start resting.
HP restored.
You start waiting.
Done waiting.
There is a stone staircase leading up here.
There is a stone staircase leading up here.
Done exploring.
Done exploring.
Done exploring.
You see here a +0 short sword.
There is a stone staircase leading down here.
You climb downwards.
Found 10 gold pieces and a scroll of identify.
There is a stone staircase leading up here.
The hobgoblin hits you but does no damage.
You hit the hobgoblin but do no damage.
The hobgoblin hits you but does no damage.
You barely miss the hobgoblin. The hobgoblin hits you.
You closely miss the hobgoblin. You block the hobgoblin's attack. x2
You slash the hobgoblin!
You kill the hobgoblin!
No target in view!
No target in view!
No target in view!
No target in view!
No target in view!
No target in view!
HP restored.
You now have 145 gold pieces (gained 10).
r - a scroll of identify
As you read the scroll labelled ALUORY ZEBRON, it crumbles to dust.
Magic quickly surges around you.
It was a scroll of vulnerability.
As you read the scroll of identify, it crumbles to dust.
k - a potion of mutation Really quaff the potion of mutation?
You feel extremely strange.
You feel a little pissed off.
Your system partially rejects the healing effects of potions.
You feel clever.
Are you sure you want to abandon this character and quit the game? (Confirm with "yes".)

#####
#...########
#...........
#...@.......
#...........
#...........
#...#####.##
#...# #
#..<# #...#
###.# ...


There were no monsters in sight!

Vanquished Creatures
  A gnoll (D:1)
  3 adders
  An ufetubus (D:3)
  5 ball pythons
  6 endoplasms (D:1)
  2 giant cockroaches
  10 goblins
  5 hobgoblins
  6 quokkas
  4 bats
  5 kobolds
  7 rats
55 creatures vanquished.

Notes
Turn   | Place    | Note
-------+----------+-------------------------------------------
     0 | D:1      | bande the Gargoyle Fighter began the quest for the Orb.
     0 | D:1      | Reached XP level 1. HP: 14/14 MP: 1/1
    35 | D:1      | Reached XP level 2. HP: 14/19 MP: 2/2
   115 | D:1      | Found a faded altar of an unknown god.
   433 | D:1      | Reached XP level 3. HP: 24/24 MP: 3/3
  1553 | D:2      | Found Lyky's General Store.
  1576 | D:2      | Reached XP level 4. HP: 29/29 MP: 4/4
  1980 | D:3      | Identified the +9 hunting sling of Bankruptcy {flame, rElec
                  | Int+4}
  2934 | D:4      | Gained mutation: You tend to lose your temper in combat.
                  | [potion of mutation]
  2934 | D:4      | Gained mutation: Potions are less effective at restoring
                  | your health. [potion of mutation]
  2934 | D:4      | Gained mutation: Your mind is acute. (Int +2) [potion of
                  | mutation]
  2935 | D:4      | Quit the game

Illustrated notes

Levels and vault maps discovered:
D:1:      lightli_arrival_flooded_house, layout_basic, basic_ecumenical_altar,
          minmay_misc_feat_columns, minmay_pentomino_u2
D:2:      layout_basic, serial_shops, shop
D:3:      layout_loops_ring, kennysheep_generic_room_9
D:4:      layout_basic, nicolae_overflow_crystal_walls,
          mainiacjoe_overflow_chevrons

Skill      XL: |  1  2  3  4 |
---------------+-------------+-----
Axes           | 2 3 |  3.2
Fighting       | |  3.9
Armour         | |  3.8
Shields        | |  3.8

Action                   |  1- 3 |  4- 6 || total
-------------------------+-------+-------++-------
Melee: War axe           |    86 |    67 ||   153
  Use: Scroll            |     4 |     6 ||    10
       Potion            |       |     1 ||     1
Armor: Scale mail        |    58 |    50 ||   108
Dodge: Dodged            |    39 |    30 ||    69
Block: Buckler           |    19 |    19 ||    38

Table legend: (Time is in decaauts)
 A = Elapsed time spent in this place.
 B = Non-inter-level travel time spent in this place.
 C = Inter-level travel time spent in this place.
 D = Time resting spent in this place.
 E = Time spent auto-exploring this place.
 F = Levels seen in this place.
 G = Mean time per level.
                   A        B        C        D        E       F      G
               +--------+--------+--------+--------+--------+-----+--------+
         Total |   2997 |   2952 |     45 |    437 |   2042 |   4 |  749.2 |
       Dungeon |   2997 |   2952 |     45 |    437 |   2042 |   4 |  749.2 |
               +--------+--------+--------+--------+--------+-----+--------+

Top non-repeatable levels by time:
     D:1: 1056 daAuts
     D:2: 967 daAuts
     D:3: 914 daAuts
     D:4: 59 daAuts
